 Dungeon Crawl Stone Soup version 0.29.1-1-gd02db6906a (webtiles) character file.

Game seed: 12369600701955067792

142 Ashen the Chiller (level 5, 32/37 HPs)
             Began as a Demonspawn Ice Elementalist on Sept 30, 2022.
             Got out of the dungeon alive.
             The game lasted 00:04:19 (2622 turns).

Ashen the Chiller (Demonspawn Ice Elementalist)     Turns: 2622, Time: 00:04:19

Health: 32/37      AC:  3    Str:  9    XL:     5   Next: 3%
Magic:  9/9        EV: 11    Int: 24    God:
Gold:   156        SH:  0    Dex: 13    Spells: 3/10 levels left

rFire   . . .      SeeInvis .   c - +0 short sword
rCold   . . .      Faith    .   (no shield)
rNeg    . . .      Spirit   .   h - +0 leather armour
rPois   .          Reflect  .   (no helmet)
rElec   .          Harm     .   (no cloak)
rCorr   .          Rampage  .   (no gloves)
Will    .....                   (no boots)
Stlth   ++........              (no amulet)
HPRegen 0.12/turn               d - +6 ring of intelligence
MPRegen 0.11/turn               (no ring)

@: no status effects
A: powered by death 1, spiny 1, weakness stinger 1
a: no special abilities


You escaped.
You visited 1 branch of the dungeon, and saw 4 of its levels.

You collected 156 gold pieces.

Inventory:

Hand Weapons
 c - a +0 short sword (weapon)
Armour
 e - a +0 kite shield
 h - a +0 leather armour (worn)
Jewellery
 d - a +6 ring of intelligence (left hand)
Scrolls
 a - 2 scrolls of fear {unknown}
 f - 3 scrolls of identify {unknown}
 g - a scroll of teleportation {unknown}
 j - a scroll of noise {unknown}
 k - a scroll of blinking {unknown}
 l - a scroll of summoning {unknown}
 m - a scroll of poison {unknown}
 p - a scroll of enchant armour {unknown}
Potions
 b - a potion of magic
 i - a potion of lignification {unknown}
 n - a potion of haste {unknown}
 o - 2 potions of degeneration {unknown}


   Skills:
 + Level 1.3 Fighting
 + Level 2.3 Dodging
 + Level 2.4 Stealth
 * Level 3.2 Spellcasting
 * Level 4.3 Ice Magic


You had 3 spell levels left.
You knew the following spells:

 Your Spells              Type           Power      Damage    Failure   Level
a - Freeze                Ice            96%        1d11      2%          1
b - Frozen Ramparts       Ice            48%        1d8       8%          3
c - Ozocubu's Armour      Ice            24%        N/A       8%          3

Your spell library contained the following spells:

 Spells                   Type           Power      Damage    Failure   Level
 Ensorcelled Hibernation  Hex/Ice        28%        N/A       10%         2
 Passwall                 Tmut/Erth      2%         N/A       22%         2
 Swiftness                Air            3%         N/A       41%         3
 Hailstorm                Conj/Ice       14%        3d5       52%         4


Dungeon Overview and Level Annotations

Branches:
Dungeon (4/15)
 Temple: D:4-7

Altars:
Xom


Innate Abilities, Weirdness & Mutations

You regenerate a little health from kills.
You are partially covered in sharp spines.
You have a small tail.


Message History

Confirm with . or Enter, or press ? or * to list all spells.
Aiming: Freeze (safe; 2% risk of failure)
Press: ? - help, Shift-Dir - straight line, f/p - jelly
Aim: a jelly (heavily wounded)
You freeze the jelly.
The jelly is heavily wounded.
The jelly barely misses you.
Your magical contamination has completely faded away.
Casting: Freeze (safe; 2% risk of failure)
Confirm with . or Enter, or press ? or * to list all spells.
Aiming: Freeze (safe; 2% risk of failure)
Press: ? - help, Shift-Dir - straight line, f/p - jelly
Aim: a jelly (heavily wounded)
You freeze the jelly!
You kill the jelly!
You have reached level 5!
You feel monstrous as your demonic heritage exerts itself.
Your demonic ancestry asserts itself...
You grow a small tail.
There is a stone staircase leading up here.
(D) Dungeon
Where to? (Enter - D:4 @ (x,y), ? - help)
What level of the Dungeon? (default 1, ? - help)
You climb upwards.
There is a stone staircase leading down here.
There is an open door here.
There is a stone staircase leading up here.
You climb upwards.
There is a stone staircase leading down here.
There is a stone staircase leading up here.
You climb upwards.
There is a stone staircase leading down here.
(D) Dungeon
Where to? (Enter - D:1, ? - help)
Okay, then.
There is an open door here.
Magic restored.
There is a staircase leading out of the dungeon here.
Are you sure you want to leave the Dungeon?
This will make you lose the game!
You have escaped!

.......##..........#####...###
.......##......##.###....#.##
.........................#..#
............#####.###....##.#
.......##.#####...# #...###.#
.......##.# #...### #...# #.#
........>.# #.#############.#
.......######.#...#...#...#.###
.##...## ##...'.@.#.⌠...⌠.#...#
.#..#.####....#...#...#...#...#
............####.###.###.##...#
......####### #.# #.# #.##..##
.##.#....### ##.###.###.##..##
###.#.#....####...#...#...#...###
).............#.⌠.#.⌠.#.⌠.#......
..#........##.#...#...#...#......
.....##....##.##.###.###.##......


There were no monsters in sight!

Vanquished Creatures
  A jelly (D:4)
  Jessica (D:2)
  3 adders
  3 dart slugs
  A worm (D:2)
  2 orcs (D:3)
  4 endoplasms
  2 giant cockroaches (D:2)
  5 goblins
  2 hobgoblins
  4 jackals (D:2)
  5 quokkas
  6 ball pythons
  A bat (D:1)
  3 frilled lizards (D:1)
  4 kobolds
  3 rats
50 creatures vanquished.

Notes
Turn   | Place    | Note
-------+----------+-------------------------------------------
     0 | D:1      | Ashen the Demonspawn Ice Elementalist began the quest for
                  | the Orb.
     0 | D:1      | Reached XP level 1. HP: 13/13 MP: 3/3
   421 | D:1      | Gained mutation: You regenerate a little health from kills.
                  | [demonic ancestry]
   421 | D:1      | Reached XP level 2. HP: 19/19 MP: 3/5
   901 | D:2      | Gained mutation: You are partially covered in sharp spines.
                  | [demonic ancestry]
   901 | D:2      | Reached XP level 3. HP: 25/25 MP: 3/6
  1014 | D:2      | Reached skill level 4 in Ice Magic
  1625 | D:2      | Noticed Jessica
  1632 | D:2      | Killed Jessica
  1633 | D:2      | Reached skill level 1 in Fighting
  1633 | D:2      | Reached XP level 4. HP: 30/32 MP: 5/8
  1748 | D:3      | Learned a level 3 spell: Frozen Ramparts
  1752 | D:3      | Learned a level 3 spell: Ozocubu's Armour
  2546 | D:4      | Found a shimmering altar of Xom.
  2557 | D:4      | Discovered your monstrous ancestry.
  2557 | D:4      | Gained mutation: You have a small tail. [demonic ancestry]
  2557 | D:4      | Reached XP level 5. HP: 24/37 MP: 1/9
  2622 | D:$      | Got out of the dungeon alive.

Illustrated notes

Levels and vault maps discovered:
D:1:      minmay_arrival_nine_rooms, layout_rooms, minmay_tiny_reverse_x
D:2:      layout_loops_ring, uniq_jessica
D:3:      layout_basic, kennysheep_doodads
D:4:      minmay_clustersquares, layout_cave_pools,
          ashenzari_conservatory_becter, xom_redecorated, uniq_eustachio,
          uniq_grinder

Skill      XL: |  1  2  3  4 |
---------------+-------------+-----
Stealth        | 2 |  2.4
Dodging        | 2 |  2.3
Ice Magic      | 4 |  4.3
Fighting       | 1 |  1.3
Spellcasting   | 3 |  3.2

Action                   |  1- 3 |  4- 6 || total
-------------------------+-------+-------++-------
Melee: Short sword       |    56 |    27 ||    83
       Punch             |       |     1 ||     1
 Cast: Freeze            |    24 |     8 ||    32
       Frozen Ramparts   |       |     1 ||     1
 Stab: Sleeping          |     3 |     4 ||     7
Armor: Leather armour    |    14 |     2 ||    16
       Robe              |     1 |       ||     1
Dodge: Dodged            |    44 |    14 ||    58
